 Dungeon Crawl Stone Soup version bcrawl-1.39.1 (webtiles) character file.

Game seed: 13998056740416893861

261528 Tutankhamun the Grappler (level 9, -4/64 HPs)
             Began as a Formicid Martial Artist on July 8, 2023.
             Was a Priest of Wu Jian.
             Slain by a gnoll
             ... wielding a +0 spear
              (8 damage)
             ... on level 6 of the Dungeon.
             The game lasted 00:05:38 (4857 turns).

Tutankhamun the Grappler (Formicid Martial Artist)  Turns: 4857, Time: 00:05:39

Health: -4/64      AC: 15    Str: 19    XL:     9   Next: 5%
Magic:  10/10      EV: 12    Int:  9    God:    Wu Jian [***...]
Gold:   381        SH:  0    Dex: 14    Spells: 9/10 levels left

rFire    . . .     GDR:     26%   - Fists (18.5)
rCold    + . .     SeeInvis +   (no shield)
rNeg     . . .     Gourm    .   w - +4 ring mail {rC+}
rPois    .         Faith    .   (helmet unavailable)
rElec    .         Spirit   .   (no cloak)
rCorr    .         Reflect  .   (no gloves)
MR       .....                  (no boots)
Stlth    +++.......             (no amulet)
HPRegen  0.20/turn              s - +6 ring of protection
MPRegen  0.12/turn              o - ring of stealth

@: lethally poisoned (-4 -> -13), swift, flying, very quick
A: permanent stasis, dig shafts and tunnels, four strong arms, antennae 3
a: Dig, Shaft Self, Wall Jump, Serpent's Lash, Renounce Religion


You were on level 6 of the Dungeon.
You worshipped Wu Jian.
Wu Jian was most pleased with you.
You were hungry.

You visited 1 branch of the dungeon, and saw 6 of its levels.

You collected 381 gold pieces.

Inventory:

Hand Weapons
 a - a +0 hunting sling
Missiles
 B - 155 stones (quivered)
Armour
 w - a +4 ring mail of cold resistance (worn)
Jewellery
 d - an uncursed ring of see invisible
 o - a ring of stealth (right hand)
 s - a +6 ring of protection (left hand)
Wands
 y - a wand of acid (6)
Scrolls
 c - 2 scrolls of immolation {unknown}
 i - 5 scrolls of identify
 j - a scroll of blinking {unknown}
 k - 2 scrolls of amnesia {unknown}
 q - a scroll of fog {unknown}
 r - 3 scrolls of remove curse {unknown}
 u - 2 scrolls of teleportation {unknown}
 v - a scroll of revelation {unknown}
 A - a scroll of enchant armour {unknown}
Potions
 b - 5 potions of agility
 f - a potion of flight
 g - a potion of ambrosia {unknown}
 h - a potion of brilliance {unknown}
 l - a potion of magic {unknown}
 m - 2 potions of curing {unknown}
 n - 2 potions of berserk rage {unknown}
 p - 2 potions of mutation {unknown}
 t - a potion of resistance {unknown}
 x - a potion of invisibility {unknown}
 z - a potion of degeneration {unknown}
Comestibles
 e - 14 rations {!d}


   Skills:
 - Level 3.2 Fighting
 * Level 1.2 Slings
 - Level 2.6 Dodging
 - Level 1.3 Stealth
 + Level 11.1 Unarmed Combat
 - Level 1.1 Spellcasting
 - Level 1.2 Hexes


You had 9 spell levels left.
You knew the following spells:

 Your Spells              Type           Power        Failure   Level  Hunger
a - Confusing Touch       Hex            #.......     36%         1    None
Your spell library was empty.

Dungeon Overview and Level Annotations

Branches:
Dungeon (6/12)             Temple (0/1) D:5

Altars:
Ashenzari
Zin


Innate Abilities, Weirdness & Mutations

You cannot be hasted, slowed, berserked, paralysed or teleported.
You can dig through walls and to a lower floor.
Your four strong arms can wield two-handed weapons with a shield.
You have a pair of large antennae on your head. (SInv)


Message History

You feel sick. The gnoll barely misses you.
You barely miss the gnoll.
You feel sick. The gnoll hits you but does no damage.
Your ring mail prevents you from hitting the gnoll.
You feel sick.
You hit the gnoll but do no damage.
You feel sick. The gnoll hits you with a +0 spear!
* * * LOW HITPOINT WARNING * * *
You closely miss the gnoll.
* * * LOW HITPOINT WARNING * * *
You feel sick. The gnoll hits you but does no damage.
You hit the gnoll but do no damage.
* * * LOW HITPOINT WARNING * * *
You feel sick.
It was a potion of flight.
You feel very buoyant.
You fly up into the air.
* * * LOW HITPOINT WARNING * * *
You feel sick. The gnoll hits you with a +0 spear!
You die...

###.# #............
##)..# ##...........
#....##.....###.....
##.......##.# #..##.
##....#....# #...#.
#######..##.#..
#.....
.###...####.#..#.
.#..#
........g##....#..
##.#
......##@.........#
#...
......).).†.?.#...#
#... #.......###..##
..# #.##. .....#...
#..... .. ..... ....
##...#...## . #.#..
... ##......# # #..
.. ....... ### .
.##..... # ## .#. .


You could see a gnoll.

Vanquished Creatures
  Grinder (D:5)
  Menkaure (D:5)
  Edmund (D:5)
  A phantom (D:6)
  A sky beast (D:2)
  An ogre (D:4)
  Blork the orc (D:4)
  A gnoll sergeant (D:6)
  A centaur (D:6)
  An orc priest (D:5)
  2 crimson imps (D:3)
  2 hounds
  Ijyb (D:3)
  Natasha (twice) (D:4)
  2 iguanas (D:5)
  A worker ant (D:6)
  2 orc wizards
  A hound skeleton (D:6)
  A howler monkey zombie (D:4)
  3 gnolls (D:6)
  2 adders (D:3)
  A shadow imp (D:5)
  An ooze (D:6)
  An adder skeleton (D:6)
  3 worms (D:2)
  3 dart slugs
  A leopard gecko (D:2)
  15 orcs
  9 bats
  4 giant cockroaches
  4 goblins
  7 hobgoblins
  12 jackals
  5 quokkas
  4 ball pythons
  8 kobolds
  6 rats
113 creatures vanquished.

Notes
Turn   | Place    | Note
-------+----------+-------------------------------------------
     0 | D:1      | Tutankhamun the Formicid Martial Artist began the quest for
                  | the Orb.
     0 | D:1      | Reached XP level 1. HP: 18/18 MP: 2/2
   124 | D:1      | Reached XP level 2. HP: 24/24 MP: 3/3
   522 | D:1      | Reached XP level 3. HP: 29/29 MP: 4/4
   628 | D:2      | Reached skill level 5 in Unarmed Combat
   691 | D:2      | Found a glowing silver altar of Zin.
   693 | D:2      | Found a shattered altar of Ashenzari.
   700 | D:2      | Reached ** piety under Wu Jian
   984 | D:2      | Reached XP level 4. HP: 33/35 MP: 5/5
  1006 | D:2      | Noticed a sky beast
  1017 | D:2      | Killed a sky beast
  1018 | D:2      | Reached skill level 6 in Unarmed Combat
  1018 | D:2      | Reached XP level 5. HP: 34/41 MP: 6/6
  1652 | D:3      | Noticed Ijyb
  1697 | D:3      | Killed Ijyb
  1698 | D:3      | Reached XP level 6. HP: 45/47 MP: 7/7
  1843 | D:3      | Reached skill level 7 in Unarmed Combat
  1848 | D:3      | Reached *** piety under Wu Jian
  2575 | D:4      | Noticed Natasha
  2581 | D:4      | Killed Natasha
  2667 | D:4      | Noticed an ogre
  2674 | D:4      | Noticed Natasha
  2675 | D:4      | Killed an ogre
  2676 | D:4      | Reached skill level 8 in Unarmed Combat
  2676 | D:4      | Reached XP level 7. HP: 52/52 MP: 8/8
  2680 | D:4      | Killed Natasha
  3188 | D:4      | Noticed Blork the orc
  3197 | D:4      | Killed Blork the orc
  3380 | D:5      | Entered Level 5 of the Dungeon
  3602 | D:5      | Noticed Grinder
  3618 | D:5      | Killed Grinder
  3619 | D:5      | Reached skill level 9 in Unarmed Combat
  3619 | D:5      | Reached XP level 8. HP: 41/58 MP: 9/9
  3782 | D:5      | Noticed Edmund
  3787 | D:5      | Killed Edmund
  3946 | D:5      | Reached skill level 10 in Unarmed Combat
  3966 | D:5      | Found a staircase to the Ecumenical Temple.
  3993 | D:5      | Noticed Menkaure
  4001 | D:5      | Killed Menkaure
  4844 | D:6      | Reached skill level 1 in Slings
  4844 | D:6      | Reached skill level 11 in Unarmed Combat
  4844 | D:6      | Reached XP level 9. HP: 29/64 MP: 10/10
  4857 | D:6      | Slain by a gnoll

Skill      XL: |  1  2  3  4  5  6  7  8 |
---------------+-------------------------+-----
Unarmed Combat | 5 6 8 9 11 | 11.1
Slings         | 1 |  1.2
Fighting       | |  3.2
Dodging        | |  2.6
Stealth        | |  1.3
Spellcasting   | |  1.1
Hexes          | |  1.2

Action                   |  1- 3 |  4- 6 |  7- 9 || total
-------------------------+-------+-------+-------++-------
Melee: Unarmed           |   110 |   148 |   143 ||   401
       Punch             |     2 |     7 |     3 ||    12
 Fire: Hunting sling     |       |       |     4 ||     4
 Abil: Lunge             |     5 |    11 |     7 ||    23
       Whirlwind         |     1 |     1 |     1 ||     3
  Use: Potion            |       |       |     1 ||     1
 Stab: Sleeping          |     1 |     4 |     6 ||    11
  Eat: Chunk             |     2 |     9 |     8 ||    19
Armor: Robe              |    22 |    21 |     5 ||    48
       Skin              |       |     7 |       ||     7
       Ring mail         |       |       |    35 ||    35
Dodge: Dodged            |    70 |    71 |    58 ||   199
